[Event "Czech Youth Championship Open 2023"]
[Site "Teplice"]
[Date "2023.03.14"]
[Round "5.4"]
[White "Pycha, Patrik"]
[Black "Juracak, David"]
[Result "1/2-1/2"]
[ECO "C42"]
[WhiteElo "2029"]
[BlackElo "1820"]
[Annotator "TA"]
[PlyCount "98"]
[EventDate "2023.03.09"]
[EventType "swiss"]
[EventCountry "CZE"]
[SourceTitle "playchess.com"]
[Source "ChessBase"]
[SourceQuality "1"]
[TimeControl "5400+30"]

1. e4 e5 2. Nf3 Nf6 3. Nxe5 d6 4. Nxf7 Kxf7 5. Nc3 c5 6. Bc4+ {[%emt 0:00:31] C42: Petroff Defence: 3 Nxe5 and unusual White 3rd moves.} Be6 7. Bxe6+ Kxe6 8. d4 $1 {[%emt 0:00:55] Black has an edge.} (8. Qf3 Nc6 9. b3 (9. Qf5+ $2 Kf7 $19) 9... Be7 $17) 8... Kf7 9. dxc5 Nc6 10. cxd6 {[%emt 0:03:35] [#]} (10. Qe2 $11) 10... Qxd6 $146 ({Predecessor:} 10... Bxd6 11. O-O Re8 12. Bg5 h6 13. Bxf6 Qxf6 14. f4 Rad8 15. Qe2 Bb4 16. e5 Bxc3 17. bxc3 {0-1 Hrabusa,M (2250)-Maros,M (2307) SVK-chT 0809 2008 (11)}) 11. Qe2 (11. Qxd6 $142 Bxd6 12. Bg5) 11... Rd8 12. O-O Nd4 13. Qc4+ Qe6 $1 14. Nd5 (14. Qxe6+ $17 Kxe6 15. Bg5) 14... Nxe4 15. Qxd4 {[%emt 0:01:57] c4 would be deadly.} Qxd5 16. Qe3 Bc5 17. Qf4+ Nf6 (17... Kg8 18. Be3 $19) 18. Be3 Bxe3 19. Qxe3 Rhe8 20. Qxa7 {[%emt 0:00:51] White is weak on the light squares} Re2 21. c4 (21. Qa4 {was necessary.}) 21... Qc6 (21... Qxc4 $2 22. Qxb7+ Rd7 23. b3 $17) 22. b4 Qxc4 23. Qxb7+ Rd7 24. Qf3 Rxa2 25. Rab1 Ra4 26. b5 Rb4 27. Rxb4 Qxb4 28. Qc6 Qd6 29. Qc2 Rb7 30. Rb1 Qd5 31. b6 Qe6 32. h3 h6 ({Much less strong is} 32... Rxb6 33. Qc7+ Nd7 34. Rxb6 Qxb6 35. Qxd7+ Kf6 36. g4 $16) 33. Rb5 Nd7 ({But not} 33... Rxb6 34. Qc7+ Nd7 35. Rxb6 Qxb6 36. Qxd7+ Kf6 37. Qg4 $16) 34. Rf5+ Ke7 ({Black should play} 34... Kg8 $1 $19 35. Qc8+ Kh7 36. Qxb7 Qxf5) 35. Rf3 $1 $15 Qe1+ (35... Nxb6 $2 36. Re3 $18) (35... Kd8 $5 36. Qc3 Rxb6 37. Qxg7 Rb1+ 38. Kh2 Qd6+ 39. Qg3 Qxg3+ 40. Rxg3 Rb6 $17) 36. Kh2 Qe5+ (36... Nxb6 $2 37. Qc5+ Kd8 38. Rf8+ $18) 37. Kg1 {[%emt 0:01:19] [#]} (37. g3 $11 Kd8 38. Rf7) 37... Qa1+ $1 $17 (37... Nxb6 $2 38. Re3 $18) 38. Kh2 Rxb6 (38... Nxb6 39. Qc5+ Kd7 40. Rf7+ Ke6 41. Rxb7 $18) 39. g3 ({Don't go for} 39. Qc4 $2 Qe5+ 40. g3 Rf6 41. Rxf6 Nxf6) (39. Qh7 $17 {was worth a try.}) 39... Rf6 $19 40. Re3+ Re6 {[%emt 0:00:16] aiming for ...Rxe3.} 41. Rd3 Re1 {[%emt 0:01:07] And now ...Rh1+ would win.} 42. Qc6 {[%emt 0:07:40] Prevents Rh1+} Qa7 43. Qd6+ Ke8 44. Qg6+ Kd8 $2 ({Black should try} 44... Kf8 $19 45. Qd6+ Kg8) 45. Qf5 {[%emt 0:02:27] [#]} (45. Qf7 $11 {and White is okay.}) 45... Ke7 $1 {[%emt 0:02:54] Strongly threatening ...Ne5. Black is clearly better.} 46. Qf4 {[%emt 0:01:03] Qb4+ is the strong threat.} Re6 47. Rd2 Rf6 48. Qe4+ Kf8 49. f4 Ra6 {[%emt 0:03:15] Weighted Error Value: White=0.23 (precise) /Black=0.17 (very precise)} (49... Rf7 $19 50. Qd4 Qc7 51. Qd6+ Qxd6 52. Rxd6 Nf6 53. Rd8+ Ke7) 1/2-1/2

[Event "Czech Youth Championship Open 2023"]
[Site "Teplice"]
[Date "2023.03.14"]
[Round "5.5"]
[White "Pavlis, Matej"]
[Black "Hlavac, Rudolf"]
[Result "1-0"]
[ECO "D85"]
[WhiteElo "1868"]
[BlackElo "1985"]
[Annotator "TA"]
[PlyCount "55"]
[EventDate "2023.03.09"]
[EventType "swiss"]
[EventCountry "CZE"]
[SourceTitle "playchess.com"]
[Source "ChessBase"]
[SourceQuality "1"]
[TimeControl "5400+30"]

1. d4 Nf6 2. c4 g6 3. Nc3 d5 4. cxd5 Nxd5 5. e4 Nxc3 6. bxc3 Bg7 7. Bb5+ c6 8. Ba4 O-O 9. Ne2 Qc7 {[%emt 0:07:00] D85: Exchange Grünfeld: Unusual White 7th moves and lines with 7 Nf3.} 10. O-O {[%emt 0:01:35] [#]} b6 $146 ({Predecessor:} 10... Rd8 11. Bg5 b6 12. Rc1 c5 13. d5 Bf6 14. Be3 Bd7 15. f4 b5 16. Bc2 Bg4 17. h3 Bxe2 18. Qxe2 Bxc3 19. Qxb5 {1-0 Strutinskaya,G (2218)-Titorenko,N (2089) RUS-chT Seniors final 2019 (3.5)}) 11. Be3 Nd7 {[%emt 0:07:35] The position is equal.} 12. Rc1 c5 13. Nf4 Bb7 14. f3 (14. e5 $5 ) 14... c4 15. e5 e6 16. h4 Rfd8 17. Qe1 a6 (17... Nxe5 $14 18. dxe5 Qxe5) 18. Qg3 {[%emt 0:01:20] White is more active.} b5 19. Bc2 Nf8 {[%emt 0:03:59] [#]} 20. h5 $1 Bd5 {[%emt 0:00:44] This move loses the game for Black.} (20... Rdb8 $16 {was called for.}) 21. hxg6 fxg6 22. Nxd5 exd5 23. f4 Bh6 (23... Rab8 $142 24. f5 gxf5 25. Rxf5 b4 26. cxb4 Rxb4) 24. f5 $18 {[%emt 0:01:13] White is clearly winning.} Bxe3+ 25. Qxe3 gxf5 26. Rxf5 {[%emt 0:00:07] [#] Black must now prevent Rcf1.} Rd7 27. Rcf1 {[%emt 0:03:11] And now Qh6 would win.} Rg7 28. Qf3 {[%emt 0:01:40][%csl LRd5,LRf8] Weighted Error Value: White=0.07 (flawless) /Black=0.55} 1-0

[Event "Czech Youth Championship Open 2023"]
[Site "Teplice"]
[Date "2023.03.15"]
[Round "6.1"]
[White "Broz, Petr"]
[Black "Hlavac, Rudolf"]
[Result "1/2-1/2"]
[ECO "B30"]
[WhiteElo "1993"]
[BlackElo "1985"]
[Annotator "TA"]
[PlyCount "145"]
[EventDate "2023.03.09"]
[EventType "swiss"]
[EventCountry "CZE"]
[SourceTitle "playchess.com"]
[Source "ChessBase"]
[SourceQuality "1"]
[TimeControl "5400+30"]

1. e4 c5 2. Nf3 Nc6 3. Nc3 e5 4. Bc4 Be7 5. d3 d6 6. Nd2 Nf6 7. Nf1 O-O 8. Ne3 Na5 {[%emt 0:01:01] B30: Sicilian: 2...Nc6 3 Bb5, lines without ...g6.} 9. Bd5 Nxd5 10. Ncxd5 {[%emt 0:00:08] [#]} f5 $146 ({Predecessor:} 10... Be6 11. O-O Bg5 12. Nc3 Nc6 13. Ned5 Bxc1 14. Rxc1 Nd4 15. f4 exf4 16. Nxf4 Qg5 {1-0 Papadiamandis,E (2216)-Ochedzan,T (2098) EU-ch U14 Bratislava 2019 (7)}) 11. Nxf5 Bxf5 12. exf5 Rxf5 13. Qg4 Rf7 14. O-O Qc8 15. Qe4 Nc6 16. Bd2 Qd7 17. Rae1 Raf8 18. a3 Bd8 (18... Nd4 {is more complex.} 19. c4 Nb3 20. Be3 Bd8) 19. f4 g6 20. fxe5 Rxf1+ 21. Rxf1 Rxf1+ 22. Kxf1 {[%emt 0:00:05] Black must now prevent e6.} Nxe5 23. Bc3 Ng4 24. Kg1 Kf7 {[%emt 0:05:22] [#]} 25. h3 $1 {[%emt 0:03:06] White has more active pieces.} Nf6 (25... Ne5 $142) 26. Qf3 (26. Nxf6 $16 Bxf6 27. Qf3) 26... Qf5 $14 27. Nf4 Be7 {[%emt 0:11:18] [#]} (27... Qc8 $14) 28. Bxf6 ({White must play} 28. g4 $1 $16 Qg5 29. Kf2 (29. Qe3 Ke8 $11)) 28... Qxf6 $16 {[%emt 0:01:38][%mdl 4096] Endgame KQB-KQN} 29. Qd5+ Ke8 30. Qg8+ Kd7 31. Qc4 Qe5 32. Qa4+ Kd8 33. Kf1 g5 34. Ne2 Qxb2 35. Qxa7 Kc7 36. Qa5+ Kb8 37. Qc3 Bf6 38. Qxb2 Bxb2 $11 {[%emt 0:00:02] KB-KN} 39. c4 Ka7 (39... Kc7 $5 ) 40. Ng3 {[%emt 0:00:34] The position is equal.} Be5 41. Ne4 h6 42. Nd2 Ka6 43. Nb3 b5 44. Ke2 Bb2 45. Nd2 Bxa3 46. cxb5+ Kxb5 {[%emt 0:01:05] Strongly threatening ...d5.} 47. Nc4 Bc1 {[%emt 0:00:37] ...Bf4 would be deadly.} 48. Nxd6+ Kc6 49. Nf7 h5 50. Ne5+ Kd5 51. Nd7 Bb2 {[%emt 0:00:50] Prevents Nf6+.} 52. Nb6+ Kd4 53. Nc4 Bc1 54. Nd2 $1 Ke5 55. Nb3 Ba3 56. Ke3 Bb2 57. Na5 {[%emt 0:00:20] And now Nc4+ would win.} Bd4+ 58. Kf3 Bg1 59. Nb3 Kf5 60. g4+ hxg4+ 61. hxg4+ Ke5 62. Kg2 Bd4 {[%emt 0:01:28] Hoping for ...Kf4.} 63. Kf3 Kd5 64. Ke2 Bg1 (64... Ke5 $5 65. Kf3 Bg1 $11) 65. Kf3 Ke5 66. Kg2 Be3 {[%emt 0:00:31] Threatens to win with ...Kf4.} (66... Bd4 $5 67. Kf3 Kd5 $11) 67. Kf3 Bd4 68. Nd2 Bg1 69. Ne4 Kd4 70. Ke2 c4 71. Nxg5 {[%emt 0:00:05] White wants to mate with Nf3+.} cxd3+ 72. Kd1 Be3 73. Nf3+ {[%emt 0:00:11] Weighted Error Value: White=0.10 (very precise) /Black=0.09 (flawless)} 1/2-1/2

[Event "Czech Youth Championship Open 2023"]
[Site "Teplice"]
[Date "2023.03.15"]
[Round "6.2"]
[White "Juracak, David"]
[Black "Pavlis, Matej"]
[Result "0-1"]
[ECO "A46"]
[WhiteElo "1820"]
[BlackElo "1868"]
[Annotator "NA RC COMBH"]
[PlyCount "94"]
[EventDate "2023.03.09"]
[EventType "swiss"]
[EventCountry "CZE"]
[SourceTitle "playchess.com"]
[Source "ChessBase"]
[SourceQuality "1"]
[TimeControl "5400+30"]

1. d4 Nf6 2. Nf3 c5 3. e3 g6 4. c4 Bg7 5. Nc3 cxd4 6. exd4 d5 7. Bg5 dxc4 8. Bxc4 O-O 9. h3 {[%emt 0:01:50] was the old line (9.0-0).} Qb6 {[%emt 0:02:09] [#]} 10. Qe2 $146 ({Predecessor:} 10. Qd2 e6 11. O-O Nc6 12. Rad1 Na5 13. Be2 Nd5 14. Na4 Qb4 15. Qxb4 Nxb4 16. Be7 Nxa2 17. Bxf8 Bxf8 {1-0 Oliveros,C (2021)-Machado,F (1792) Cali Region-ch 2017 (6)}) 10... Nc6 11. Rd1 Rd8 (11... Na5 $1 $11) 12. O-O $1 Na5 13. Rfe1 Nxc4 14. Qxc4 Be6 15. Qe2 h6 16. Be3 Nd5 17. Na4 Qc6 18. Nc5 Nxe3 19. Nxe6 (19. fxe3 $11 Rac8 20. b3) 19... Nxd1 ({Don't play} 19... Qxe6 20. Qxe3 Qxa2 21. Qxe7 $11) 20. Nxd8 Rxd8 21. Rxd1 e6 22. Rd2 Qd5 23. a3 b5 24. Qe3 Rc8 25. Ne5 Rc7 (25... a5 $15) 26. Qf4 g5 27. Qe3 f6 28. Nd3 Rc4 29. Nc5 Kf7 ({Don't take} 29... Rc1+ 30. Kh2 $14) 30. Re2 e5 31. Nb3 Kg8 32. dxe5 fxe5 33. Rd2 Qa8 34. Nc5 (34. Rd7 $16) 34... Qc6 35. Rd8+ Kh7 36. Nd7 e4 37. Qxa7 Rc1+ 38. Kh2 Kg6 39. Nb6 Be5+ 40. g3 Bc7 41. Nd7 e3 42. Rg8+ Kh7 43. Rh8+ Kxh8 44. Qd4+ Kg8 45. Qd5+ Qxd5 46. Nf6+ Kf7 47. Nxd5 e2 0-1

[Event "Czech Youth Championship Open 2023"]
[Site "Teplice"]
[Date "2023.03.15"]
[Round "6.3"]
[White "Pressler, Tobias"]
[Black "Pycha, Patrik"]
[Result "0-1"]
[ECO "D35"]
[WhiteElo "2096"]
[BlackElo "2029"]
[Annotator "TA"]
[PlyCount "60"]
[EventDate "2023.03.09"]
[EventType "swiss"]
[EventCountry "CZE"]
[SourceTitle "playchess.com"]
[Source "ChessBase"]
[SourceQuality "1"]
[TimeControl "5400+30"]

1. d4 Nf6 2. c4 e6 3. Nc3 d5 4. cxd5 exd5 5. Bg5 Be7 6. e3 c6 7. Nf3 Nbd7 8. Bd3 h6 {[%emt 0:00:14] 8...Ne4 is the modern continuation.} 9. Bf4 Nh5 {[%emt 0:00:53] D35: Queen's Gambit Declined: Exchange Variation.} 10. Bg3 (10. Be5 $142) 10... Nxg3 $11 11. hxg3 Nf6 {[%emt 0:01:00] Black has an edge.} 12. Ne5 Bd6 13. f4 {[%emt 0:05:21] [#]} Qe7 $146 ({Predecessor:} 13... Qb6 14. Qd2 Ng4 15. Rc1 a5 16. a3 Bxe5 17. fxe5 Be6 18. Na4 Qd8 19. Qe2 Qg5 {0-1 Kouatly,B-Fries Nielsen,N Berlin U20 7576 1976 (6)}) 14. Qd2 Bd7 15. a3 Ng4 16. Qe2 (16. O-O-O $11 {keeps the balance.}) 16... Bxe5 $17 17. fxe5 O-O 18. Rf1 {[%emt 0:04:40] [#]} (18. e4 $17 f6 19. e6 Qxe6 20. exd5) 18... Qg5 $1 $19 19. Rf4 f6 20. exf6 Rxf6 ({Worse is} 20... Nxf6 21. Kd2 $17) ({Black should play} 20... Rae8 $19 21. e4 Nxf6) 21. O-O-O $17 Re8 {[%emt 0:00:50][%mdl 64] Deflection} 22. e4 Rxf4 23. gxf4 Qxf4+ 24. Kb1 {[%emt 0:00:04] [#]} (24. Qd2 $17 {keeps fighting.} Qxd2+ 25. Rxd2) 24... dxe4 $1 $19 25. Nxe4 Ne3 26. g3 {[%emt 0:06:03] [#]} Bg4 $1 27. Qd2 {[%emt 0:00:15] White is weak on the light squares} Qf3 28. Nd6 (28. Re1 $142 Rxe4 29. Bxe4 Qxe4+ 30. Kc1) 28... Nxd1 ({And not} 28... Qxd1+ 29. Qxd1 Nxd1 30. Nxe8 $19) (28... Qxg3 $2 {perishes.} 29. Re1 Qxd6 30. Rxe3 Rxe3 31. Qxe3 $19) 29. Nxe8 Qxg3 30. Be2 $2 (30. Bc4+ Kf8 31. Nf6 gxf6 32. Qxh6+ Ke7 33. Qh7+ Kd8 34. Qxb7) 30... Qe3 {[%emt 0:02:03] Weighted Error Value: White=0.49/Black=0.07 (flawless)} 0-1

[Event "Czech Youth Championship Open 2023"]
[Site "Teplice"]
[Date "2023.03.15"]
[Round "6.4"]
[White "Sadil, Antonin"]
[Black "Matejovsky, Ondrej"]
[Result "1/2-1/2"]
[ECO "C43"]
[WhiteElo "1683"]
[BlackElo "1931"]
[Annotator "TA"]
[PlyCount "46"]
[EventDate "2023.03.09"]
[EventType "swiss"]
[EventCountry "CZE"]
[SourceTitle "playchess.com"]
[Source "ChessBase"]
[SourceQuality "1"]
[TimeControl "5400+30"]

1. e4 e5 2. Nf3 Nf6 3. d4 Nxe4 4. Bd3 d5 5. Nxe5 Bd6 6. O-O O-O 7. c4 c6 8. Nc3 Nxc3 9. bxc3 Nd7 10. f4 {[%emt 0:01:15] 10.Nxd7 might become the main line. C43: Petroff Defence: 3 d4.} ({Reject} 10. Qh5 g6 11. Qe2 Re8 $17) (10. Nxd7 {looks sharper.} Bxd7 11. cxd5 cxd5 12. Qh5) 10... Nf6 11. Qf3 dxc4 12. Bxc4 {[%emt 0:02:18] The position is equal.} Bf5 {[%emt 0:05:45] [#]} 13. g4 $146 ({Predecessor:} 13. Bd2 Be4 14. Qh3 Bd5 15. Bd3 Be4 16. Rae1 Bxd3 17. Qxd3 c5 18. d5 Bxe5 19. Rxe5 {1-0 Ajay,K (2214)-Foo,J (1731) World ol U16 2019 (5.11)}) 13... Be4 14. Qe3 {[%emt 0:01:01] [#] g5 would be deadly.} Bd5 {[%emt 0:16:57] And now ...Bxe5 would win.} 15. Bd3 Qc8 16. h3 (16. g5 $14 Nh5 17. c4 Bxe5 {[%mdl 64] Remove Defender} 18. fxe5 (18. cxd5 Qg4+ 19. Kh1 Bxd4 $11) 18... Qg4+ 19. Kf2) 16... b5 17. Re1 Nd7 18. Qg3 (18. Bf5 $14 Bxe5 19. fxe5) 18... Re8 19. Qh4 (19. g5 $11) 19... Nf8 $15 {[%emt 0:00:47] Hoping for ...f6.} 20. Bf5 (20. g5 $11) 20... Be6 21. Be4 Bd5 {[%emt 0:00:27] ...Bxe4 is the strong threat.} 22. Bf5 Be6 23. Be4 Bd5 {Weighted Error Value: White=0.21 (precise) /Black=0.25 (precise)} ({Black should try} 23... f6 $1 $15 24. Nxc6 Bf7) 1/2-1/2

[Event "Czech Youth Championship Open 2023"]
[Site "Teplice"]
[Date "2023.03.15"]
[Round "6.5"]
[White "Mrkvan, Frantisek"]
[Black "Zednicek, Filip"]
[Result "1/2-1/2"]
[ECO "C57"]
[WhiteElo "1727"]
[BlackElo "1885"]
[Annotator "NA RC COMBH"]
[PlyCount "49"]
[EventDate "2023.03.09"]
[EventType "swiss"]
[EventCountry "CZE"]
[SourceTitle "playchess.com"]
[Source "ChessBase"]
[SourceQuality "1"]
[TimeControl "5400+30"]

1. e4 e5 2. Nf3 Nc6 3. Bc4 Nf6 4. Ng5 d5 5. exd5 Nd4 6. c3 b5 7. Bf1 Nxd5 8. cxd4 Qxg5 9. Bxb5+ Kd8 10. O-O Bg4 11. d3 Qg6 (11... Nf4 $14 12. f3 (12. Bxf4 Qxf4 13. Qc2 Rb8 $14) 12... Bd7 13. Bxf4 Qxf4 14. Bxd7 Qxd4+ 15. Kh1 Qxd7) 12. f3 Bh3 13. Qc2 exd4 {[%emt 0:04:37] [#]} 14. Kh1 (14. Qf2 $1 $16 Be7 15. Kh1) 14... Nb4 15. Qf2 Qxg2+ 16. Qxg2 Bxg2+ 17. Kxg2 Nc2 18. Rf2 Nxa1 19. b3 Rb8 20. Bc4 Bb4 21. Bb2 Re8 22. Bxa1 Re1 23. Rf1 Re2+ 24. Rf2 $11 Re1 25. Rf1 $1 1/2-1/2

[Event "Czech Youth Championship Open 2023"]
[Site "Teplice"]
[Date "2023.03.16"]
[Round "7.1"]
[White "Zednicek, Filip"]
[Black "Broz, Petr"]
[Result "0-1"]
[ECO "B14"]
[WhiteElo "1885"]
[BlackElo "1993"]
[Annotator "TA"]
[PlyCount "98"]
[EventDate "2023.03.09"]
[EventType "swiss"]
[EventCountry "CZE"]
[SourceTitle "playchess.com"]
[Source "ChessBase"]
[SourceQuality "1"]
[TimeControl "5400+30"]

1. e4 d5 2. exd5 c6 3. d4 cxd5 4. c4 Nf6 5. Nc3 e6 6. Nf3 Nc6 7. Be2 Bb4 {[%emt 0:03:58] B14: Caro-Kann: Panov-Botvinnik Attack with 5...e6 and 5...g6.} 8. O-O Bxc3 9. bxc3 O-O {[%emt 0:00:09] White is slightly better.} 10. Bg5 h6 11. Bh4 {[%emt 0:02:49] [#]} Bd7 $146 (11... b6 $14) ({Predecessor:} 11... Re8 12. Re1 a6 13. Bd3 dxc4 14. Bxc4 b5 15. Bb3 Na5 16. Ne5 Bb7 17. f3 g5 {1-0 Mordido,J (1708)-Santiaguel,J Asia-ch Universities 2018 (2)}) 12. Rb1 b6 13. cxd5 (13. Qc1 $1 $18) 13... exd5 $14 14. Ne5 g5 15. Nxd7 Qxd7 16. Bg3 Ne4 17. Qd3 Na5 18. f4 (18. f3 $11 Nxg3 19. hxg3) 18... f5 ({Better is} 18... Nc4 $1 $17 19. Be1 Rac8) 19. fxg5 $11 hxg5 20. Be1 (20. Bf3 $11 {keeps the balance.}) 20... Nc4 $17 {[%emt 0:02:40] Excellent horsemanship.} 21. Bd1 Rac8 22. Bb3 Kg7 23. Bxc4 Rxc4 24. Qh3 Kg6 25. Qd3 Rfc8 26. Rb3 Qe6 27. Bd2 R8c7 28. g3 Qc8 29. Rc1 (29. Rb2 $17) 29... Qa6 $2 (29... f4 $1 $19 {[%cal Rf4g3] has better winning chances. ...fxg3 is the strong threat.} 30. gxf4 Rh7) 30. Rc2 {[%emt 0:01:14] White is weak on the light squares} Qa4 (30... Rg7 {simplifies} 31. Be1 Qc8 32. Rbb2 g4) 31. h4 Qe8 32. hxg5 {[%emt 0:00:26] [#]} (32. Bxg5 $2 Nxg5 33. hxg5 Qe4 34. Qxe4 dxe4 $19) 32... Rh7 {[%emt 0:00:14] Black is much more active.} ({Black should try} 32... Nxd2 $1 $17 33. Rxd2 (33. Qxd2 $2 {loses.} Qe4 $19) 33... Qe4) 33. Bf4 $15 Nxg5 (33... Qe7 $5 34. Rb1 Rh3 $17) 34. Be5 Ne4 35. Rg2 (35. Rb4 $15) 35... Qe7 $19 36. Qf3 (36. Qe2 {was worth a try.}) 36... Qg5 {[%emt 0:00:15] ( -> ...Qc1+)} 37. Bf4 {[%emt 0:00:34] Repels Qc1+} Qg4 38. Qxg4+ fxg4 39. Rc2 Rh8 (39... Rc8 $19 {and Black stays clearly on top. aiming for ...Rch8.} 40. Rg2 Kf5) 40. Ra3 $17 {[%emt 0:00:17] [#]} a5 ({Black should play} 40... Ra8 $1 $17) 41. Rb3 $11 Rc6 $36 {[%emt 0:01:34][%mdl 2048] White is under pressure.} 42. Rcb2 (42. c4 $11 {remains equal.}) 42... Rhc8 (42... Nxc3 $5 43. Rxb6 Rxb6 44. Rxb6+ Kf5 $17) 43. Rxb6 Nxc3 {[%emt 0:00:06][%cal Oc3e2] Hoping for ...Ne2+!} 44. Rxc6+ $2 (44. Rb7 $11 {and White is okay.}) 44... Rxc6 $15 {[%emt 0:00:08] KRB-KRN} 45. Rc2 $2 (45. Bd2) 45... Kf5 $19 46. Rb2 Ke4 47. Be5 Rc4 48. a3 Kd3 49. Bc7 $2 (49. Rb3) 49... Rxc7 {[%emt 0:00:18] What a fight! Excellently played by Broz!   Weighted Error Value: White=0.46/Black=0.23 (precise)} 0-1

[Event "Czech Youth Championship Open 2023"]
[Site "Teplice"]
[Date "2023.03.16"]
[Round "7.2"]
[White "Matejovsky, Ondrej"]
[Black "Mrkvan, Frantisek"]
[Result "1-0"]
[ECO "B30"]
[WhiteElo "1931"]
[BlackElo "1727"]
[Annotator "TA"]
[PlyCount "93"]
[EventDate "2023.03.09"]
[EventType "swiss"]
[EventCountry "CZE"]
[SourceTitle "playchess.com"]
[Source "ChessBase"]
[SourceQuality "1"]
[TimeControl "5400+30"]

1. e4 c5 2. Nf3 Nc6 3. Bb5 e6 4. O-O Nge7 5. c3 a6 6. Ba4 b5 7. Bc2 Ng6 {[%emt 0:00:10] B30: Sicilian: 2...Nc6 3 Bb5, lines without ...g6.} 8. d4 cxd4 9. cxd4 Nb4 {[%emt 0:02:08] White is slightly better.} 10. Bb3 {[%emt 0:01:50] [#]} Nc6 $146 ({Predecessor:} 10... d5 11. e5 Nc6 12. Nc3 Be7 13. g3 O-O 14. h4 Re8 15. h5 Nf8 16. Bf4 Bd7 {1-0 Eswaran,A (2244)-Xie,B (2049) PNWCC Online Masters rapid 2020 (9.25)}) 11. Be3 Na5 12. Nbd2 Nxb3 13. Qxb3 Be7 14. a4 Rb8 15. d5 Bd6 16. a5 (16. Qc3 $14) 16... Bc7 (16... Bb7 $11 {keeps the balance.}) 17. Qc3 (17. Qb4 $16 {d6 is the strong threat.} d6 18. Nd4) 17... f6 ({Black should try} 17... O-O $14) 18. Rfc1 Bd6 (18... Bf4 {keeps fighting.} 19. Bb6 Qe7) 19. Bb6 $18 Qe7 {[%emt 0:02:29] [#]} 20. Bc7 (20. e5 $1 $18 Bxe5 21. Nxe5 fxe5 22. Qc7) 20... Ra8 $16 21. dxe6 {[%emt 0:01:23] Hoping for Bxd6. White is more active.} Qxe6 (21... Bxc7 $16 {is more resistant.} 22. Qxc7 O-O) 22. Nd4 $18 Be5 23. Nxe6 {[%emt 0:01:43] Excellent horsemanship.} Bxc3 24. Nxg7+ ({Not} 24. bxc3 dxe6 25. c4 Bd7 $14) 24... Kf7 25. Rxc3 Kxg7 {[%emt 0:00:06] Black is weak on the dark squares} 26. Nb3 Bb7 27. Nc5 Bc6 28. Rd1 Ra7 29. Bg3 h5 30. h4 Re8 31. f3 Re7 32. Rcd3 Nf8 33. Bd6 Rf7 34. Bxf8+ Kxf8 35. b4 Re7 36. Rd6 Kf7 37. Kf2 Kg7 38. Nb3 Rc7 39. Nd4 Kf7 40. Nf5 Re8 41. Ne3 Re7 42. Nf5 Re8 $1 43. Ke3 {[%emt 0:00:25] White is clearly winning.} Ra7 {[%emt 0:01:05] [#]} (43... Re6 $142 44. Kf4 Kg6) 44. Rxc6 $1 {[%emt 0:00:43][%mdl 576] Clearance} dxc6 45. Nd6+ Ke7 46. Nxe8 Kxe8 47. Rd6 {[%emt 0:00:10][%csl LRc6,LRf6] Weighted Error Value: White=0.33/Black=0.49} 1-0

[Event "Czech Youth Championship Open 2023"]
[Site "Teplice"]
[Date "2023.03.16"]
[Round "7.3"]
[White "Pycha, Patrik"]
[Black "Sadil, Antonin"]
[Result "1-0"]
[ECO "B12"]
[WhiteElo "2029"]
[BlackElo "1683"]
[Annotator "TA"]
[PlyCount "67"]
[EventDate "2023.03.09"]
[EventType "swiss"]
[EventCountry "CZE"]
[SourceTitle "playchess.com"]
[Source "ChessBase"]
[SourceQuality "1"]
[TimeControl "5400+30"]

1. e4 c6 2. d4 d5 3. e5 Bf5 4. h4 h5 5. Bd3 Bxd3 6. Qxd3 e6 7. Bg5 {[%emt 0:00:06] B12: Caro-Kann: Advance Variation.} Be7 8. Nf3 Nd7 9. Nbd2 {[%emt 0:00:14] White has an edge.} Bxg5 10. hxg5 {[%emt 0:00:28] [#]} Qb6 $146 {[%emt 0:01:15] [#]} (10... Ne7 $14) ({Predecessor:} 10... Ne7 11. O-O-O Qa5 12. Kb1 O-O-O 13. Rh2 g6 14. Rdh1 Rhf8 15. Ne1 Qb6 16. c3 Kb8 {0-1 Langford,J (1846)-Winsley,N (1809) NZL-ch rapid op 130th 2023 (4)}) 11. g4 (11. g6 $142 $1 {[%cal Rg6f7] And now gxf7+ would win.} f6 12. O-O-O) 11... Ne7 $16 12. gxh5 (12. Rxh5 $16 Rxh5 13. gxh5) 12... Qxb2 $14 13. Rb1 Qxa2 {[%emt 0:01:13] [#]} 14. Rxb7 (14. Ke2 $1 $16 {Strongly threatening Ra1.} Qa4 15. Ra1 (15. Rxb7 c5 $11)) 14... Rb8 15. Rxb8+ Nxb8 16. Ke2 Nd7 17. Nb3 {[%emt 0:01:02] Black must now prevent Ra1.} Qa4 (17... Qb2 $14) 18. h6 ({Only move:} 18. Ra1 $16 Qc4 19. Qxc4 (19. Rxa7 Qxd3+ 20. cxd3 Nc8 $18) 19... dxc4 20. Nbd2) 18... Qb5 (18... Ng6 $14 19. Kd2 (19. hxg7 Rxh1 20. g8=Q+ Ndf8 $11) 19... O-O) 19. Ra1 $16 {[%emt 0:10:42] White is more active.} (19. hxg7 $2 {perishes.} Rxh1 20. Qxb5 cxb5 $19) ({Reject} 19. h7 $6 Qxd3+ 20. Kxd3 Nf8 $11) 19... Qxd3+ 20. Kxd3 Nf5 (20... gxh6 $16 {keeps fighting.} 21. Rxa7 Nb6) 21. Rxa7 $18 Rh7 $2 {[%emt 0:04:28] [#]} (21... Nf8 22. Ra8+ Ke7 23. Ra7+ Ke8) 22. g6 $1 fxg6 23. Ng5 Rxh6 24. Nxe6 Rh3+ 25. Kd2 Rf3 (25... Nb6 $142 26. Nxg7+ Nxg7) 26. Nc7+ Ke7 27. Ke2 (27. c3 $18 Rxf2+ 28. Ke1) 27... Rf4 $2 (27... Rc3 $16 {is more resistant.}) 28. e6 Re4+ 29. Kd3 Nf6 (29... Rxe6 30. Nxe6 Kxe6) 30. Nxd5+ {[%emt 0:01:09] White is clearly winning.} Kf8 31. Nxf6 Rxe6 32. Nd7+ Kg8 33. Ra8+ Kh7 34. Nf8+ {[%emt 0:00:05] Weighted Error Value: White=0.40/Black=0.71} 1-0